 Dungeon Crawl Stone Soup version 0.15.0-11-g6f4f891 (webtiles) character file.

114 PotatoesMaster the Firebug (level 4, 0/24 HPs)
             Began as a Deep Elf Fire Elementalist on Aug 30, 2014.
             Slain by Erozz's ghost (1 damage)
             ... on Level 3 of the Dungeon.
             The game lasted 00:15:04 (3016 turns).

PotatoesMaster the Firebug (DEFE)                   Turns: 3016, Time: 00:15:04

HP   0/24        AC  3     Str  5      XL: 4   Next: 66%
MP   0/15        EV 13     Int 21      God:
Gold 135         SH  0     Dex 15      Spells:  4 memorised,  2 levels left

rFire  + . .     SeeInvis .     f - +2 dagger (elec)
rCold  . . .     Clarity  .     a - +1 robe
rNeg   . . .     rCorr    .     (no shield)
rPois  .         rRot     .     (no helmet)
rElec  .         Spirit   .     (no cloak)
SustAb .         Warding  .     (no gloves)
rMut   .         Stasis   .     (no boots)
Gourm  .                        (no amulet)
MR     .....                    (no ring)
                                k - ring of protection from fire

@: not resistant to hostile enchantments, unstealthy
A: no striking features
a: no special abilities


You were on level 3 of the Dungeon.
You were not hungry.

You visited 1 branch of the dungeon, and saw 3 of its levels.

You collected 135 gold pieces.

Inventory:

Hand weapons
 f - a +2 dagger of electrocution (weapon)
 i - a +1 dagger of venom
 l - a +0 dagger of draining
Armour
 a - a +1 robe (worn)
Magical devices
 m - a wand of confusion (22)
Comestibles
 c - a bread ration
 d - 2 chunks of orc flesh
 h - a meat ration
 n - 3 rotting chunks of orc flesh
Jewellery
 k - a ring of protection from fire (left hand)
Potions
 e - 2 potions of curing
 g - a potion of lignification {unknown}
 j - 2 potions of heal wounds
Books
 b - a book of Flames

   Spells                             Type                      Level
   *Flame Tongue                      Conjuration/Fire             1
   *Throw Flame                       Conjuration/Fire             2
   *Conjure Flame                     Conjuration/Fire             3
   *Inner Flame                       Hexes/Fire                   3
   Sticky Flame                       Conjuration/Fire             4
   Fireball                           Conjuration/Fire             5


   Skills:
 + Level 0.4 Short Blades
 + Level 3.0 Dodging
 - Level 2.4 Stealth
 + Level 4.2 Spellcasting
 + Level 2.4 Conjurations
 + Level 0.3 Hexes
 + Level 4.4 Fire Magic


You had 2 spell levels left.
You knew the following spells:

 Your Spells              Type           Power        Failure   Level  Hunger
a - Flame Tongue          Conj/Fire      ###..        2%          1    None
b - Throw Flame           Conj/Fire      ###...       4%          2    #......
c - Conjure Flame         Conj/Fire      ###.....     10%         3    ###....
d - Inner Flame           Hex/Fire       ##......     17%         3    ###....


Dungeon Overview and Level Annotations

Branches:
Dungeon (3/15)

Altars:
Trog

Annotations:
D:3 Erozz's ghost, average HOFi


Message History

Casting: Flame Tongue
Confirm with . or Enter, or press ? or * to list all spells.
Aiming: Flame Tongue
Press: ? - help, Shift-Dir - straight line, f/p - Erozz's ghost
Aim: Erozz's ghost (almost destroyed)
The flame tongue misses Erozz's ghost.
Erozz's ghost hits you.
* * * LOW HITPOINT WARNING * * *
Erozz's ghost freezes you.
* * * LOW HITPOINT WARNING * * *
Casting: Flame Tongue
Confirm with . or Enter, or press ? or * to list all spells.
Aiming: Flame Tongue
Press: ? - help, Shift-Dir - straight line, f/p - Erozz's ghost
Aim: Erozz's ghost (almost destroyed)
The flame tongue hits Erozz's ghost.
Erozz's ghost appears unharmed.
Erozz's ghost is almost destroyed.
Erozz's ghost hits you.
* * * LOW HITPOINT WARNING * * *
Erozz's ghost freezes you.
You die...

..#######.#######....#.#####.#
................'%...'.....>.#
..####.........##....#.#.###.#
.....#.........##....#.#.# #.#
.....#........)##....#.#.#
#.####
.%%..#.........#######.#.#
#..... .....#.........###
#.#.# ######
...))####.#......# #.#.#
.....####.#.####@#####.#.#
##........#.#..W.......#.#
##%#####[.#.#.##.####..#.#
#### ##.#...#..#.#.##.# .....
.#.#.#.#..#.#.##.# ####
.#...#.#..#.#.##.#
....##.#..#.#.##.#
..#.##.#..#(#.##.#
..#.##.#..#......#


You could see Erozz's ghost.

Vanquished Creatures
  Terence (D:2)
  3 adders (D:2)
  2 giant mites (D:3)
  2 giant geckos (D:1)
  2 oozes
  6 orcs (D:3)
  3 bats
  4 giant cockroaches
  4 hobgoblins
  2 ball pythons (D:1)
  4 giant newts
  4 goblins
  9 kobolds
  7 rats
  A plant (D:2)
54 creatures vanquished.

Notes
Turn   | Place    | Note
--------------------------------------------------------------
     0 | D:1      | PotatoesMaster, the Deep Elf Fire Elementalist, began the quest for the Orb.
     0 | D:1      | Reached XP level 1. HP: 10/10 MP: 5/5
   257 | D:1      | Reached XP level 2. HP: 7/15 MP: 8/8
  1156 | D:2      | Found a bloodstained altar of Trog.
  1195 | D:2      | Reached XP level 3. HP: 19/19 MP: 9/11
  1205 | D:2      | Learned a level 2 spell: Throw Flame
  1209 | D:2      | Learned a level 3 spell: Conjure Flame
  1213 | D:2      | Learned a level 3 spell: Inner Flame
  1503 | D:2      | Noticed Terence
  1516 | D:2      | Killed Terence
  1516 | D:2      | Reached skill level 4 in Fire Magic
  2106 | D:2      | Reached XP level 4. HP: 24/24 MP: 2/14
  2522 | D:3      | Noticed Erozz's ghost (average HOFi)
  3016 | D:3      | HP: 1/24 [Erozz's ghost (5)]
  3016 | D:3      | Slain by Erozz's ghost

Action                   |  1- 3 |  4- 6 || total
-------------------------+-------+-------++-------
Melee: Dagger            |    56 |     1 ||    57
       Unarmed           |     6 |       ||     6
 Cast: Flame Tongue      |    54 |    35 ||    89
       Throw Flame       |    14 |    18 ||    32
       Inner Flame       |     1 |     1 ||     2
       Conjure Flame     |       |     1 ||     1
Evoke: Wand              |       |     1 ||     1
  Use: Potion            |     4 |       ||     4
       Scroll            |     5 |       ||     5
 Stab: Sleeping          |     1 |       ||     1
  Eat: Chunk             |     4 |       ||     4
       Meat ration       |       |     1 ||     1
